 Dungeon Crawl Stone Soup version 0.22-a0-617-g6d95e9e (webtiles) character file.

4911 galech the Spear-Bearer (level 10, -3/110 HPs)
             Began as an Ogre Berserker on July 12, 2018.
             Was an Elder of Trog.
             Slain by a slime creature (9 damage)
             ... on level 7 of the Dungeon.
             The game lasted 00:11:59 (8017 turns).

galech the Spear-Bearer (Ogre Berserker)            Turns: 8017, Time: 00:12:00

Health: -3/110     AC:  6    Str: 23    XL:     10   Next: 51%
Magic:  10/10      EV: 12    Int:  8    God:    Trog [****..]
Gold:   355        SH:  0    Dex: 11    Spells: 9/9 levels left

rFire    . . .     SeeInvis .   j - +5 spear (venom)
rCold    . . .     Gourm    .   (no shield)
rNeg     . . .     Faith    .   b - +0 animal skin
rPois    .         Spirit   .   r - +0 hat
rElec    .         Reflect  .   v - +2 cloak
rCorr    .         Harm     .   (gloves unavailable)
MR       +....                  (boots unavailable)
Stlth    ++........             (no amulet)
HPRegen  0.28/turn              (no ring)
MPRegen  0.12/turn              (no ring)

@: no status effects
A: large, unfitting armour, tough skin 1
a: Berserk, Trog's Hand, Brothers in Arms, Renounce Religion


You were on level 7 of the Dungeon.
You worshipped Trog.
Trog was greatly pleased with you.
You were not hungry.

You visited 1 branch of the dungeon, and saw 7 of its levels.
You also visited: Bailey.

You collected 355 gold pieces.

Inventory:

Hand Weapons
 a - a +0 mace
 j - a +5 spear of venom (weapon)
 u - a +0 mace of protection
Armour
 b - a +0 animal skin (worn)
 r - a +0 hat (worn)
 v - a +2 cloak (worn)
Scrolls
 d - 4 scrolls of amnesia
 f - a scroll of fog
 l - 2 scrolls of remove curse
 n - a scroll of magic mapping {unknown}
 o - 7 scrolls of teleportation
 w - a scroll of acquirement
Potions
 e - a potion of flight {unknown}
 g - 2 potions of mutation {unknown}
 h - 2 potions of lignification {unknown}
 i - a potion of experience {unknown}
 k - 2 potions of berserk rage {unknown}
 m - 2 potions of degeneration {unknown}
 p - 2 potions of cancellation {unknown}
 q - 4 potions of curing {unknown}
 s - 2 potions of magic {unknown}
 t - 3 potions of heal wounds
 x - a potion of agility {unknown}
Comestibles
 c - 10 rations


   Skills:
 + Level 10.1 Fighting
 + Level 3.6 Maces & Flails
 + Level 10.6 Polearms
 + Level 6.0 Dodging
 + Level 3.8 Stealth


You had 9 spell levels left.
You didn't know any spells.
Your spell library was empty.

Dungeon Overview and Level Annotations

Branches:
Dungeon (7/15)             Temple (0/1) D:4

Altars:
Makhleb
Qazlal
Ru
Trog
Uskayaw
Wu Jian
Yredelemnul


Innate Abilities, Weirdness & Mutations

You are too large for most types of armour.
You have tough skin. (AC +1)


Message History

The slime creature is moderately wounded.
The slime creature hits you!!
* * * LOW HITPOINT WARNING * * *
You puncture the slime creature!
The slime creature is moderately wounded.
You puncture the slime creature!
The slime creature is severely wounded.
The slime creature hits you!
* * * LOW HITPOINT WARNING * * *
There is an open gate, spattered with blood here.
Items here: ( ))) an uncursed short sword; an uncursed blowgun x2; 17 poisoned needles
There is an open door here.
Found a falchion.
You enter the shallow water.
Moving in this stuff is going to be slow.
The slime creature hits you!!
* * * LOW HITPOINT WARNING * * *
The slime creature hits you!
You die...

#.P≈♣♣♣≈≈P..........#
##≈≈♣≈♣≈≈≈P...>.....#
#.P≈≈≈≈≈.###'####### #.PPP≈##.#
#.# #.###....# #.#♣♣♣♣♣♣♣♣
#######
##.######.###.≈♣≈≈♣♣≈≈♣♣......###
.............♣P≈≈≈≈PP≈≈♣♣.......
.#.######.##...≈.≈≈≈≈≈≈≈♣≈♣...#
.#.#####....)...@J....≈≈≈≈≈...#
.#............................#
.#######.♣♣♣≈≈.≈..≈.≈.........#
.#......♣P≈≈≈≈≈≈P≈P≈..≈.♣.....#
.#.##.#♣P≈≈≈P≈≈≈≈PP≈≈≈≈≈♣.....#
)#.#..#.♣P≈P≈≈≈≈≈≈P≈≈≈≈P......#
.#.#..#.#≈♣≈≈≈≈P≈≈≈≈P≈♣.......#
.#.#.##.#.#♣♣♣≈≈≈≈≈≈≈≈≈.......#
.#.#....#.# #♣≈≈♣PP≈♣########


You could see a slime creature.

Vanquished Creatures
  An orc warlord (Bailey)
  2 orc knights (Bailey)
  Joseph (D:7)
  A slime creature (D:7)
  11 orc warriors (Bailey)
  A sky beast (D:5)
  4 ogres
  A centaur (D:6)
  A bullfrog (D:6)
  A scorpion (D:6)
  A howler monkey (D:6)
  A bullfrog zombie (D:5)
  3 crimson imps
  2 hounds
  An orc priest (D:2)
  3 iguanas
  4 orc wizards
  A howler monkey zombie (D:5)
  13 gnolls
  6 adders
  2 oozes
  6 worms
  A dart slug (D:3)
  2 leopard geckos
  35 orcs
  A ball python (D:2)
  2 giant cockroaches
  15 hobgoblins
  8 jackals
  18 kobolds
  5 quokkas
  10 bats
  7 frilled lizards
  30 goblins
  A jackal skeleton (D:5)
  A leopard gecko skeleton (D:4)
  A quokka skeleton (D:4)
  10 rats
214 creatures vanquished.

Vanquished Creatures (others)
  9 toadstools (D:7)
9 creatures vanquished.

Grand Total: 223 creatures vanquished

Notes
Turn   | Place    | Note
-------+----------+-------------------------------------------
     0 | D:1      | galech the Ogre Berserker began the quest for the Orb.
     0 | D:1      | Reached XP level 1. HP: 24/24 MP: 1/1
    22 | D:1      | You fall through a shaft!
   374 | D:2      | Reached XP level 2. HP: 30/32 MP: 2/2
  1182 | D:2      | Reached XP level 3. HP: 40/40 MP: 3/3
  1312 | D:2      | Reached XP level 4. HP: 37/49 MP: 4/4
  1371 | D:2      | Reached ** piety under Trog
  1690 | D:2      | Reached skill level 1 in Polearms
  1948 | D:2      | Reached XP level 5. HP: 37/55 MP: 5/5
  2437 | D:3      | Reached *** piety under Trog
  2438 | D:3      | Reached skill level 1 in Stealth
  2438 | D:3      | Reached XP level 6. HP: 65/65 MP: 6/6
  2439 | D:3      | Reached skill level 5 in Fighting
  2447 | D:3      | Found a stormy altar of Qazlal.
  2447 | D:3      | Found a sacrificial altar of Ru.
  2762 | D:3      | Found a burning altar of Makhleb.
  2762 | D:3      | Found a bloodstained altar of Trog.
  2765 | D:3      | Found an ornate altar of the Wu Jian Council.
  3176 | D:4      | Found a staircase to the Ecumenical Temple.
  3400 | D:4      | Reached XP level 7. HP: 56/72 MP: 7/7
  3537 | D:4      | Found a basalt altar of Yredelemnul.
  3551 | D:4      | Reached skill level 5 in Polearms
  3633 | D:5      | Entered Level 5 of the Dungeon
  4617 | D:6      | Reached XP level 8. HP: 83/83 MP: 8/8
  5645 | D:7      | Found a hide-covered altar of Uskayaw.
  5653 | D:7      | Noticed Joseph
  5668 | D:7      | Killed Joseph
  5707 | D:7      | Found a flagged portal.
  5882 | Bailey   | Entered a bailey
  5899 | Bailey   | Reached **** piety under Trog
  5943 | Bailey   | Reached XP level 9. HP: 93/93 MP: 9/9
  6131 | Bailey   | Noticed an orc knight
  6152 | Bailey   | Killed an orc knight
  6152 | Bailey   | Reached skill level 5 in Dodging
  6956 | Bailey   | Noticed an orc warlord
  7086 | Bailey   | Identified a scroll of acquirement
  7178 | Bailey   | Noticed an orc knight
  7202 | Bailey   | Killed an orc knight
  7202 | Bailey   | Reached skill level 10 in Polearms
  7202 | Bailey   | Reached XP level 10. HP: 9/107 MP: 10/10
  7560 | Bailey   | Killed an orc warlord
  7560 | Bailey   | Reached skill level 10 in Fighting
  7950 | D:7      | HP: 5/110 [slime creature (16)]
  8014 | D:7      | HP: 5/110 [slime creature (18)]
  8017 | D:7      | Slain by a slime creature

Vault maps used:
D:1:      dpeg_arrival_yet_another_circle, minmay_domino_4
D:2:      cheibrodos_pilgrimage, first_ration
D:3:      minitemple
D:4:      yredelemnul_altar_generic, minmay_temple_entry_crystal_x,
          nicolae_underground_beach
D:7:      cheibrodos_fertilizer, slow_altar_2, overflow_temple_1_default,
          enter_bailey_3, serial_bayou, serial_bayou_pond_c,
          serial_bayou_pond_d, serial_bayou_pond_c, serial_bayou_shore_a,
          serial_bayou_ford_a, uniq_joseph
Bailey:   bailey_axe_minmay_hex_keep, bailey

Skill      XL: |  1  2  3  4  5  6  7  8  9 10 |
---------------+-------------------------------+-----
Maces & Flails | 3 |  3.6
Dodging        | 3 4 5 6 |  6.0
Polearms       | 1 3 4 5 7 10 | 10.6
Stealth        | 1 2 3 |  3.8
Fighting       | 5 6 7 9 10 | 10.1

Action                   |  1- 3 |  4- 6 |  7- 9 | 10-12 || total
-------------------------+-------+-------+-------+-------++-------
Melee: Mace              |    50 |       |       |       ||    50
       Spear             |    28 |   177 |   411 |    54 ||   670
Invok: Berserk           |     2 |     1 |     4 |     1 ||     8
       Trog's Hand       |       |       |     2 |     1 ||     3
  Use: Scroll            |       |       |     8 |       ||     8
 Stab: Sleeping          |     1 |     2 |     2 |     1 ||     6
  Eat: Chunk             |     2 |     9 |    17 |     2 ||    30
       Ration            |       |       |       |     1 ||     1
Armor: Animal skin       |    27 |    22 |    28 |     5 ||    82
Dodge: Dodged            |    49 |    55 |   115 |    16 ||   235

Table legend:
 A = Spawn XP
 B = Non-spawn XP
 C = Spawn XP percentage of total XP
 D = Spawn monster count
 E = Non-spawn monster count
 F = Spawn count percentage of total count
 G = Total turns spent on level
                    A         B        C        D         E        F      G
               +---------+---------+-------+---------+---------+-------+---------
         Total |       0 |    7017 |   0.0 |       0 |     214 |   0.0 |  8017
               +---------+---------+-------+---------+---------+-------+---------
           D:1 |       0 |      17 |   0.0 |       0 |      14 |   0.0 |   979
           D:2 |       0 |     150 |   0.0 |       0 |      35 |   0.0 |  1085
           D:3 |       0 |     246 |   0.0 |       0 |      36 |   0.0 |   848
           D:4 |       0 |     474 |   0.0 |       0 |      18 |   0.0 |   721
           D:5 |       0 |     287 |   0.0 |       0 |      10 |   0.0 |   972
           D:6 |       0 |     672 |   0.0 |       0 |      13 |   0.0 |  1038
           D:7 |       0 |     760 |   0.0 |       0 |      19 |   0.0 |   606
        Bailey |       0 |    4411 |   0.0 |       0 |      69 |   0.0 |  1768
               +---------+---------+-------+---------+---------+-------+---------
